Cogmind - Beta 11 --- EXPLORER MODE // 2022.04.15 @ 15:26:10 Player: Genju Result: Destroyed by G-34 Mercenary with Small Laser Performance ------------- Evolutions (1) 500 Regions Visited (2) 400 Robots Destroyed (29) 145 Value Destroyed (893) 893 Prototype IDs (2) 40 Alien Tech Used (0) 0 Bonus (0) 0 TOTAL SCORE: 1978 Bonus ------- None Cogmind --------- Core Integrity 0/400 Matter 274/300 Energy 24/250 System Corruption 3% Temperature Cool (8) Movement Walking (120) Location -9/Materials Parts ------- > --- POWER (2) -------- Ion Engine > --- PROPULSION (2) --- Improved Aluminum Leg Improved Aluminum Leg > --- UTILITY (4) ------ Structural Scanner > --- WEAPON (2) ------- (None) > --- INVENTORY (5) ---- Ion Engine Aluminum Leg Aluminum Leg Improved Heat Sink Datajack Peak State ------------ > --- POWER ------------ Ion Engine Improved Ion Engine > --- PROPULSION ------- Improved Aluminum Leg Improved Aluminum Leg > --- UTILITY ---------- Structural Scanner Sensor Array Signal Interpreter Light Armor Plating > --- WEAPON ----------- Particle Gun Assault Rifle > --- INVENTORY -------- Ion Engine Aluminum Leg Improved Heat Sink Datajack [Rating: 14] Favorites ----------- Power Ion Engine Engine Ion Engine Propulsion Aluminum Leg Leg Aluminum Leg Utility Structural Scanner Device Structural Scanner Processor Signal Interpreter Protection Light Armor Plating Weapon Particle Gun Energy Gun Particle Gun Ballistic Gun Assault Rifle Build | -11 -10 -9 ------- Run | Scr Mat Mat Slots Evolved 3 | . 1 2 Power 1 | . 1 . Propulsion . | . . . Utility 2 | . . 2 Weapon . | . . . Parts Attached 32 | 6 12 14 Power 8 | 1 4 3 Engine 8 | 1 4 3 Core . | . . . Reactor . | . . . Propulsion 12 | 2 2 8 Treads . | . . . Leg 12 | 2 2 8 Wheel . | . . . Hover . | . . . Flight . | . . . Utility 7 | 2 3 2 Device 2 | 1 . 1 Storage . | . . . Processor 1 | . . 1 Hackware . | . . . Protection 4 | 1 3 . Artifact . | . . . Weapon 5 | 1 3 1 Energy Gun 3 | . 2 1 Energy Cannon . | . . . Ballistic Gun 2 | 1 1 . Ballistic Cannon . | . . . Launcher . | . . . Special Weapon . | . . . Impact Weapon . | . . . Slashing Weapon . | . . . Piercing Weapon . | . . . Special Melee Weapon . | . . . Unidentified Prototypes . | . . . Parts Lost 10 | . 1 9 Power 3 | . 1 2 Propulsion 2 | . . 2 Utility 3 | . . 3 Weapon 2 | . . 2 Highest Loss Streak 9 | . 1 9 To Critical Strikes . | . . . Average Slot Usage (%) 95 | . 96 91 Engine 20 | . 22 17 Leg 23 | . 25 19 Device 13 | . 12 19 Processor 2 | . . 9 Protection 10 | . 11 8 Energy Gun 10 | . 11 8 Ballistic Gun 11 | . 12 9 Naked Turns . | . . . Heaviest Build 22 | 10 19 22 Greatest Support 26 | 20 20 26 Greatest Overweight (x) 1 | 1 . . Average Overweight (x) . | . . . Largest Inventory Capacity 5 | 5 5 5 Average Capacity 5 | 5 5 5 Most Carried 5 | 5 5 5 Average Carried 4 | 3 4 4 Final Capacity 5 | 5 5 5 Final Carried 5 | 5 5 5 Class Distribution -------------------- 79% | Hacker-Mutant 19% | Scavenger-Skirmisher Dominant Class ---------------- Hacker-Mutant | -10/Materials Scavenger-Skirmisher | -9/Materials Resources | -11 -10 -9 ----------- Run | Scr Mat Mat Matter Collected 680 | 248 201 231 Remotely . | . . . Salvage Created 1074 | . 344 730 Parts 77 | . 25 52 Haulers Intercepted . | . . . Recyclers Shooed . | . . . Parts Field Recycled . | . . . Retrieved Matter . | . . . Parts Self-Destructed . | . . . Prevented . | . . . Kills | -11 -10 -9 ------- Run | Scr Mat Mat Combat Hostiles Destroyed 23 | . 6 17 Melee 2 | . . 2 Guns 21 | . 6 15 Classes Destroyed 6 | . 3 3 Worker 1 | . 1 . Watcher 5 | . 3 2 Swarmer 2 | . . 2 Grunt 17 | . 6 11 Brawler 2 | . . 2 Sentry 2 | . . 2 Best Kill Streak 6 | . 3 6 Combat Bots Only 6 | . 2 6 Max Kills in Single Turn 2 | . 2 1 Gunslinging . | . . . Exploded . | . . . Melee 1 | . . 1 Uniques/NPCs Destroyed . | . . . Combat | -11 -10 -9 -------- Run | Scr Mat Mat Damage Taken 1366 | . 272 1094 Core 416 | . 16 400 Absorbed by Shields . | . . . Regen/Repaired (Parts) 65 | . 28 37 Core Remaining (%) 96 | 100 93 . Volleys Fired 92 | . 40 52 Largest 2 | . 2 2 Hottest 85 | . 85 85 Shots Fired 155 | . 78 77 Gun 155 | . 78 77 Cannon . | . . . Launcher . | . . . Special . | . . . Kinetic 84 | . 40 44 Thermal 71 | . 38 33 Explosive . | . . . Electromagnetic . | . . . Robot Hit Streak 15 | . 15 14 Robot Miss Streak 4 | . 1 4 Penetration Max . | . . . Secondary Targets 2 | . 1 1 Max Gunslinging Chain 1 | . 1 1 Shots Hit Robots 115 | . 52 63 Core Hits 51 | . 22 29 Critical Kills . | . . . Critical Parts Destroyed 1 | . . 1 Critical Strikes 3 | . . 3 Burn 2 | . . 2 Destroy 1 | . . 1 Melee Attacks . | . . . Impact . | . . . Slashing . | . . . Piercing . | . . . Sneak Attacks . | . . . Combat Hostiles . | . . . Follow-up Attacks . | . . . Damage Inflicted 1503 | . 506 997 Guns 1434 | . 506 928 Cannons . | . . . Explosions . | . . . Melee . | . . . Ramming 69 | . . 69 Kinetic 631 | . 188 443 Thermal 803 | . 318 485 Explosive . | . . . Electromagnetic . | . . . Impact . | . . . Slashing . | . . . Piercing . | . . . Highest Corruption 3 | . 1 3 Average Corruption 1 | . 1 2 Corruption Purged . | . . . Corruption Blocked . | . . . Effects 7 | . 7 . Message Errors 1 | . 1 . Matter Fused 2 | . 2 . Energy Discharges 1 | . 1 . Data Loss (minor) 2 | . 2 . Data Loss (major) 1 | . 1 . Overload Shots . | . . . Overflow Damage . | . . . Projectiles . | . . . Explosions . | . . . Melee . | . . . Knockbacks 1 | . . 1 Impact 1 | . . 1 Kinetic . | . . . Secondary . | . . . Self-Inflicted Damage 30 | . . 30 Shots . | . . . Rammed 15 | . . 15 Targets Rammed 15 | . . 15 Kicked . | . . . Crushed . | . . . Highest Temperature 653 | . 336 653 Average Temperature 168 | . 125 216 Received Heat Transfer 936 | . 171 765 Effects 16 | . 1 15 Shutdowns 3 | . 1 2 Energy Bleed 3 | . . 3 Interference 3 | . . 3 Matter Decay 1 | . . 1 Short Circuit 1 | . . 1 Damage (minor) 1 | . . 1 Damage (major) 2 | . . 2 Damage (core) 2 | . . 2 Siege Activations . | . . . Robots Corrupted . | . . . Combat Hostiles . | . . . Parts Fried . | . . . Impact Corruptions . | . . . Robots Melted . | . . . Combat Hostiles . | . . . Parts Melted 3 | . 1 2 Heat Transferred 1994 | . 736 1258 Parts Sabotaged . | . . . Parts Stolen . | . . . Parts Stripped . | . . . Power Chain Reactions . | . . . Missiles Intercepted . | . . . Alert | -11 -10 -9 ------- Run | Scr Mat Mat Peak Influence 290 | . 185 290 Initial . | . . . Average 52 | . 27 131 Maximum Alert Level 1 | . . 1 Low Security (%) 92 | 100 100 69 Level 1 7 | . . 30 Level 2 . | . . . Level 3 . | . . . Level 4 . | . . . Level 5 . | . . . High Security . | . . . Max Security . | . . . Squads Dispatched . | . . . Investigation . | . . . Extermination . | . . . Reinforcement . | . . . Assault . | . . . Garrison . | . . . Intercept . | . . . Searches Triggered . | . . . Construction Impeded . | . . . Haulers Reinforced . | . . . Active Scanning Responses . | . . . Cargo Convoy Interrupts . | . . . Stealth | -11 -10 -9 --------- Run | Scr Mat Mat Distress Signals 2 | . . 2 Communications Jammed . | . . . Distress Signals . | . . . Times Spotted 37 | . 12 25 Peak Tracking Total 11 | . 3 11 Tactical Retreats 2 | . . 2 Traps | -11 -10 -9 ------- Run | Scr Mat Mat Traps Triggered 5 | . 5 . Indirectly . | . . . Trap Hack Attempts . | . . . Triggered . | . . . Disarmed . | . . . Reprogrammed . | . . . Reused . | . . . Traps Extracted . | . . . Installed . | . . . Triggered . | . . . Machines | -11 -10 -9 ---------- Run | Scr Mat Mat Machines Disabled . | . . . Max in Single Turn . | . . . Machines Sabotaged . | . . . Garrisons Compromised . | . . . Overloaded Fab Kills . | . . . Hacking | -11 -10 -9 --------- Run | Scr Mat Mat Machines Accessed 12 | . 8 4 Terminals 10 | . 7 3 Fabricators . | . . . Repair Stations 2 | . 1 1 Recycling Units . | . . . Scanalyzers . | . . . Garrison Access . | . . . Total Hacks 33 | . 22 11 Successful 27 | . 18 9 Failed 6 | . 4 2 Catastrophic 1 | . 1 . Database Lockouts . | . . . Manual 26 | . 20 6 Terminals 29 | . 20 9 Fabricators . | . . . Repair Stations 4 | . 2 2 Recycling Units . | . . . Scanalyzers . | . . . Garrison Access . | . . . Terminal Hacks 8 | . 5 3 Record 1 | . . 1 Part Schematic 5 | . 4 1 Robot Analysis 1 | . 1 . Prototype ID Bank 1 | . . 1 Fabricator Hacks . | . . . Repair Station Hacks 4 | . 2 2 Scan Component 2 | . 1 1 Repair 2 | . 1 1 Recycling Unit Hacks . | . . . Scanalyzer . | . . . Garrison Access Hacks . | . . . Unauthorized Hacks 15 | . 11 4 Terminals 15 | . 11 4 Assimilate 5 | . 4 1 Botnet 10 | . 7 3 Fabricators . | . . . Repair Stations . | . . . Recycling Units . | . . . Scanalyzers . | . . . Garrison Access . | . . . Data Cores Recovered . | . . . Used . | . . . Hacking Detections 11 | . 7 4 Full Trace Events . | . . . Feedback Events . | . . . Feedback Blocked . | . . . Robot Schematics Acquired . | . . . Robots Built . | . . . Authchips . | . . . Time . | . . . Total Robot Build Rating . | . . . Part Schematics Acquired 5 | . 4 1 Parts Built . | . . . Authchips . | . . . Time . | . . . Total Part Build Rating . | . . . Parts Repaired 2 | . 1 1 Time 58 | . 26 32 Parts Recycled . | . . . Recycled Matter . | . . . Retrieved Matter . | . . . Retrieved Components . | . . . Parts Scanalyzed . | . . . Part Schematics Acquired . | . . . Parts Damaged . | . . . Bothacking | -11 -10 -9 ------------ Run | Scr Mat Mat Used RIF Installer . | . . . Robots Hacked . | . . . Non-combat . | . . . Combat . | . . . Robot Hacks Applied . | . . . Relay Couplers Released . | . . . Fabnet Peak Effective % . | . . . Robots Rewired . | . . . Allies Hacked . | . . . Hacks Repelled . | . . . Allies | -11 -10 -9 -------- Run | Scr Mat Mat Total Allies . | . . . Largest Group . | . . . Highest-Rated Group . | . . . Highest-Rated Ally . | . . . Total Orders . | . . . Ally Attacks . | . . . Total Damage . | . . . Kills . | . . . Allies Corrupted . | . . . Allies Melted . | . . . Intel | -11 -10 -9 ------- Run | Scr Mat Mat Robot Analysis Total 1 | . 1 . Derelict Logs Recovered . | . . . Drone Launches . | . . . Drone Recoveries . | . . . Exploration | -11 -10 -9 ------------- Run | Scr Mat Mat Turns Passed 1988 | 89 1397 502 Spaces Moved 1221 | 67 918 236 Core 28 | 12 . 16 Treads . | . . . Legs 1193 | 55 918 220 Wheels . | . . . Hover . | . . . Flight . | . . . Fastest Speed 50 | 50 120 50 Average Speed 118 | 108 120 115 Slowest Speed 120 | 120 120 120 Overloaded Moves . | . . . Propulsion Burnouts . | . . . Robots Hopped . | . . . Cave-ins Triggered . | . . . Exploration Rate (%) 39 | 4 96 19 Regions Visited 2 Branch Regions . Pre-discovered Areas . | . . . Known Exits Taken 2 | 1 1 . Unknown Exits Taken . | . . . Scrap Searched . | . . . Spaces Dug . | . . . Terrain Destroyed . | . . . Melee . | . . . Projectile . | . . . AOE . | . . . Terrain Rammed . | . . . Walls Destroyed . | . . . Machines Disabled . | . . . Actions | -11 -10 -9 --------- Run | Scr Mat Mat Total 1611 | 83 1141 387 Wait 213 | . 159 54 Move 1219 | 66 917 236 Hop . | . . . Pick Up 26 | 11 6 9 Fast Attach 8 | . 4 4 Attach 10 | 6 2 2 Detach . | . . . Swap 14 | . 6 8 Drop 14 | . 7 7 Fire 92 | . 40 52 Melee . | . . . Ram 15 | . . 15 Kick . | . . . Crush . | . . . Escape Stasis . | . . . Rewire . | . . . Trap . | . . . Miscellaneous . | . . . Route ------- -11/Scrapyard -10/Materials (discovered 4 exits: *Mat x3 / *Min) -9/Materials (discovered 1 exit: *Min) History --------- Turn | Location | Event 7 | -11/Scrapyard | Identified exit to Materials 7 | -11/Scrapyard | Discovered exit to Materials (range 14) 90 | -11/Scrapyard | Entered Materials 90 | -10/Materials | Evolved 1 slot: Power x1 309 | -10/Materials | Build established: Hacker-Mutant 430 | -10/Materials | Identified exit to Materials 430 | -10/Materials | Discovered exit to Materials (range 15) 540 | -10/Materials | Identified exit to Mines 540 | -10/Materials | Discovered exit to Mines (range 7) 673 | -10/Materials | Discovered exit to Materials (range 14) 837 | -10/Materials | Repaired Lgt. Armor Plating 876 | -10/Materials | Discovered exit to Materials (range 14) 1487 | -10/Materials | Entered another Materials area 1487 | -9/Materials | Evolved 2 slots: Utility x2 1702 | -9/Materials | Identified exit to Mines 1702 | -9/Materials | Discovered exit to Mines (range 7) 1813 | -9/Materials | Repaired Particle Gun 1935 | -9/Materials | Core integrity fell below 50% 1959 | -9/Materials | Core integrity fell below 20% 1989 | -9/Materials | Destroyed by G-34 Mercenary with Small Laser Last Messages --------------- G-34 Mercenary destroyed. Destabilizing: System corrupted (+2). K-01 Serf collects debris. Slammed into G-34 Mercenary. G-34 Mercenary knocked back. K-01 Serf cleans the Electrolysis Chamber. K-01 Serf collects debris. Slammed into G-34 Mercenary. Broken Signal Interpreter destroyed. Slammed into G-34 Mercenary. G-34 Mercenary destroyed. Acquired Aluminum Leg. K-01 Serf collects debris. Acquired Aluminum Leg. K-01 Serf cleans the Electrolysis Chamber. Acquired 20 matter. Acquired 4 matter. K-01 Serf collects debris. Acquired Ion Engine. K-01 Serf cleans the Electrolysis Chamber. Map ----- +----------------------------------------------------+ | ?????????????????????????????????????????????????? | | ?????????????????????????????????????????????????? | | ?????????????????????????????????????????????????? | | ?????????????????????????????????????????????????? | | ?????????????????????????????????????????????????? | | ?????????????????????????????????????????????????? | | ?????????????????????????????????????????????????? | | ?????????????????????????????????????????????????? | | ???????????????????????? ??????????????????????? | | ?????????????????????? ??????????????????????? | | ?????????????????????" #?????????????????????? | | ??????????????? # ???" ##????????????????????? | | ??????????????? # ? "" ##????????????????????? | | ??????????????? # ?""" ##????????????????????? | | ???????????????## "" ###########?????####### | | ???????????????##k "" ###########?????####### | | ???????????????## " ### ##?????## | | ???????????????## ### ##?????## | | ??????????? ### ### ##?????## | | ??????????####### ### "T" ##?????## | | ?????????? ### """ ######### = | | ????????? ### #########!% | | ?????????? =*#######+## ##+### | | ???????????""" k%%t%*%k%%%%= | | ???????????""" %=%%=%!%%[= > | | ???????????""" % @%=u%[= ! = | | ???????? k =#######/##" "##% = | | ???????? ![ ### #" !"| "## = | | ?????????######## !! ### #"""""""## | | ?????????? # ! ### """ ########## | | ??????????????? # ### "R ########## "" | | ??????????????? # ### """ ##??????## "" | | ??????????????? # ### ##??????## "" | | ??????????????? # ###########??????##[ | | ??????????????? + % ######### ??????## | | ??????????????? # ##???????????????## | | ??????????????? # g ##???????????????# | | ??????????????? # ######???????????????? | | ????????????????# a # ??????????????? | | ????????????????# ????????????????????## | | ??????????????????? ????????????????????## | | ????????????????????? ????????????????????####### | | ???????????????????????????????????????????####### | | ?????????????????????????????????????????????????? | | ?????????????????????????????????????????????????? | | ?????????????????????????????????????????????????? | | ?????????????????????????????????????????????????? | | ?????????????????????????????????????????????????? | | ?????????????????????????????????????????????????? | | ?????????????????????????????????????????????????? | +----------------------------------------------------+ Best States ------------- Heat Dissipation 28 Energy Generation 17 Energy Capacity 415 Matter Stores 300 Matter Capacity 300 Sight Range 16 Robot Scan Range 14 Terrain Scan Density 10 Armor Coverage 150 Resistance: KI 35 Resistance: TH 35 Resistance: EX 35 Resistance: EM 35 Resistance: I 35 Resistance: S 35 Resistance: P 35 Evasion (%) 55 Offensive Hacking 20 Item Schematics ----------------- Aluminum Leg | -10/Materials | Hacked Sensor Array | -10/Materials | Hacked Signal Interpreter | -10/Materials | Hacked Structural Scanner | -10/Materials | Hacked Imp. Aluminum Leg | -9/Materials | Hacked Robot Schematics ------------------ None Fabricated ------------ Nothing Alien Tech Used ----------------- None Achievements -------------- None Challenges ------------ None Game ------ Seed ArmorSegregatorCompactor Manual? 0 Play Time 00:24:26 Cumulative 5.9 hours Start 2022.04.15 @ 15:01:44 End 2022.04.15 @ 15:26:10 Sessions 1 Manual Loads 0 Difficulty Explorer Special Mode None Game No. 17 Rogue 1 Adventurer 3 Explorer 13 Win Type - Total 0 Types 0/0/0/0/0/0/0/0/0 Lore% 6 Gallery% 12 Achievement% 15 Wizard Run 0 Options --------- ASCII 0 Keyboard 0 Movement Numpad Keybinds 0 Fullscreen 1 Font 24/Smallcaps Map View 76x50 Tactical HUD 0 Map Filters NONE Filters NONE Steam 1 RUN: 8d4545c9-522f-49e3-b7e0-13b6bf5e462a